[Event "17th Paracin Open 2024"]
[Site "Paracin"]
[Date "2024.07.08"]
[Round "6.1"]
[White "Mardov, Dimitar"]
[Black "Kushagra Mohan"]
[Result "1/2-1/2"]
[ECO "C55"]
[WhiteElo "2484"]
[BlackElo "2367"]
[Annotator "TA"]
[PlyCount "158"]
[EventDate "2024.07.02"]
[EventType "swiss"]
[EventCountry "SRB"]
[SourceTitle "playchess.com"]
[Source "ChessBase"]
[SourceQuality "1"]
[TimeControl "5400+30"]

1. e4 e5 2. Nf3 Nc6 3. Bc4 Nf6 4. d3 h6 5. O-O d6 6. c3 g5 7. a4 Bg7 8. Re1 O-O {[%emt 0:01:01] White has an edge.} 9. h3 g4 10. hxg4 Nxg4 11. Nbd2 {[%emt 0:11:56] White is more active.} Kh8 12. g3 Ne7 13. d4 (13. Nh4 $16) 13... Ng6 $11 14. dxe5 dxe5 (14... f5 $1 $11) 15. b3 (15. Qe2 $16) 15... c5 (15... Qf6 $11) 16. Qe2 $16 Be6 (16... b6 $16 {keeps fighting.}) 17. Bxe6 fxe6 18. Nf1 Qf6 19. N1h2 Rad8 (19... Qf7 $16 {was called for.} 20. Nxg4 Qxf3 21. Nxh6 (21. Bxh6 Bxh6 22. Qxf3 Rxf3 $16) 21... c4) 20. Kg2 $18 Nxh2 21. Nxh2 {[%emt 0:00:09] Strongly threatening Ng4.} Nf4+ 22. gxf4 exf4 23. Bb2 $2 {[%emt 0:08:39] [#]} (23. Rb1 $18) 23... f3+ $1 $15 24. Qxf3 (24. Nxf3 Qf4) 24... Qg5+ 25. Qg4 Rd2 $1 26. Rf1 (26. Qxg5 $2 Rfxf2+ 27. Kg3 Rg2+ 28. Kf3 Rdf2+ (28... hxg5 $2 29. Ng4 $19) 29. Ke3 hxg5 $19) 26... Rxb2 (26... Qe3 $1 $17 27. Nf3 (27. Kh1 $2 Rfxf2 28. Rxf2 Qxf2 $19) 27... Rxb2) 27. Qxg5 hxg5 28. Nf3 Rf4 (28... Rxb3 29. Nxg5 Bxc3 30. Rad1 $11) 29. Rad1 Bxc3 30. Rh1+ (30. Rd3 $1 $15 Bd4 (30... Rxb3 31. Rc1 $16) 31. Nxd4 cxd4 32. Rxd4) 30... Kg7 $17 31. Rd7+ Kg6 {[%emt 0:00:24] White must now prevent ...g4.} 32. Rdh7 Rg4+ (32... Rxe4 33. R1h6+ (33. Rxb7 $2 g4 $19) 33... Kf5 34. Rf7+ (34. Rxb7 Be5 $14) (34. Rxb7 Be5 $16)) 33. Kf1 Rb1+ (33... Rxe4 34. R1h6+ (34. Rxb7 $2 Ree2 $19) 34... Kf5 35. Rf7+ (35. Rxb7 Rb1+ 36. Kg2 Rg4+ 37. Kh2 Be5+ 38. Nxe5 Kxe5 $17) (35. Rxb7 Rb1+ 36. Kg2 Rg4+ 37. Kh2 Ke4 $17)) 34. Ke2 Rxe4+ ({Black should play} 34... Rxh1 $1 35. Rxh1 Rxe4+ 36. Kd3 Rf4 37. Nxg5 Kxg5 38. Kxc3 a6 (38... Rxf2 39. Rh7 $11)) 35. Kd3 Rxh1 (35... Rxb3 $2 36. Kxe4 Rb4+ 37. Kd3 $18) 36. Rxh1 Rf4 37. Nxg5 Kxg5 38. Kxc3 {[%emt 0:00:02][%mdl 4096] Endgame. KR-KR} a6 ({Don't play} 38... Rxf2 $6 39. Rh7 $11) (38... b6 $17 {Hoping for ...Rf3+.} 39. Rh7 a5 (39... Rxf2 40. Rxa7 Rf3+ 41. Kc4 $11)) 39. Rh7 $11 b5 40. Rc7 $1 Rf3+ (40... Rxf2 41. Rxc5+ Rf5 42. Rc6) 41. Kd2 Rxf2+ 42. Ke3 (42. Kd3 $11) 42... Rb2 $1 $17 43. Rxc5+ Kf6 44. Rc3 bxa4 $1 45. bxa4 Rb4 46. a5 Rb5 47. Ra3 e5 $2 (47... Ke5 $17 {...Rc5 would now be deadly.} 48. Kd3 Kd5) 48. Ke4 $11 Ke6 49. Ra4 {[%emt 0:00:24] Repels Rb4+} (49. Rh3 $11) 49... Kd6 $17 50. Kf5 $2 (50. Ra2 $17) 50... Rc5 $1 $19 51. Ke4 Kc6 $1 52. Ra2 Kb5 53. Ra3 Kb4 54. Ra1 Kb3 $2 (54... Rxa5 $19 55. Rb1+ Kc3 56. Rc1+ Kb2) 55. Rb1+ {[%emt 0:00:19][%mdl 8192] [#]} (55. Kf5 $11) 55... Ka4 $1 56. Ra1+ Kb4 57. Ra2 Kb3 $2 (57... Rxa5 $19 58. Rb2+ Kc3) 58. Ra1 $11 Kb2 59. Ra4 {[%emt 0:00:04] [#]} ({White should try} 59. Rh1 $11) 59... Rb5 $1 $17 {[%emt 0:00:02] ...Kb3 is the strong threat.} 60. Rc4 $2 (60. Kf5) 60... Rxa5 $19 61. Rb4+ Kc3 62. Rb6 Kc4 $2 (62... Ra4+ $19 63. Kxe5 a5) 63. Rh6 $2 (63. Rc6+ $1 $11 Kb5 64. Re6) 63... Ra4 $2 (63... Ra1 $19 64. Kxe5 a5 65. Rc6+ Kb5) 64. Kxe5 $11 Kb5 65. Kd5 a5 66. Rh8 Rg4 67. Rb8+ Ka4 68. Rb1 Rb4 69. Ra1+ Kb5 {[%emt 0:00:00] And now ...a4 would win.} 70. Rc1 Rh4 71. Rb1+ $1 Ka4 72. Kc5 Rh3 73. Ra1+ Ra3 74. Rxa3+ Kxa3 {[%emt 0:00:03] KP-K} 75. Kc4 a4 {[%emt 0:00:08][%cal Ba5a4,Ba4a3,Ba3a2][%mdl 32] ( -> ...Kb2)} (75... Ka4 $5) 76. Kc3 Ka2 77. Kc2 {[%emt 0:00:03] The position is equal.} a3 78. Kc1 Ka1 (78... Kb3 $5 79. Kb1 $8 Kc3 $11) 79. Kc2 a2 {[%emt 0:00:01] A wild game.   Weighted Error Value: White=0.74/Black=0.30.  Loses game:     	White=2     	---        Missed win:     	White=1     	Black=3      Mistake:       	White=7     	Black=8      Inaccurate:     	White=3     	Black=2      OK:         	White=23    	Black=19     Best:        	White=19    	Black=7      Strong:       	White=2     	Black=6      Brilliant:      	---       	Black=1} (79... Ka2 $5) 1/2-1/2

[Event "17th Paracin Open 2024"]
[Site "Paracin"]
[Date "2024.07.08"]
[Round "6.2"]
[White "Fier, Alexandr"]
[Black "Xu, Junwei"]
[Result "1-0"]
[ECO "B30"]
[WhiteElo "2602"]
[BlackElo "2138"]
[Annotator "TA"]
[PlyCount "113"]
[EventDate "2024.07.02"]
[EventType "swiss"]
[EventCountry "SRB"]
[SourceTitle "playchess.com"]
[Source "ChessBase"]
[SourceQuality "1"]
[TimeControl "5400+30"]

1. e4 c5 2. Nf3 Nc6 3. Bb5 e5 4. O-O Bd6 5. d3 Nge7 6. Bc4 {[%emt 0:02:31] B30: Sicilian: 2...Nc6 3 Bb5, lines without ...g6.} h6 7. Nc3 Ng6 8. a4 Be7 $146 ({Predecessor:} 8... O-O 9. Nd5 Nce7 10. c3 Nxd5 11. Bxd5 Bc7 12. d4 cxd4 13. cxd4 d6 14. dxe5 dxe5 {1-0 Draskovic,L (2476)-Skoberne,J (2538) EU-chT 24th Budva 2023 (9.2)}) 9. Nd5 d6 10. c3 Bg5 11. Be3 Be6 12. Qd2 Bxe3 13. fxe3 O-O 14. Qf2 Nce7 15. Qg3 Bxd5 16. exd5 f5 17. Qh3 Qc8 18. Nd2 Kh7 19. a5 b6 20. d4 e4 21. Qg3 Qd7 22. Ba2 (22. Qh3 $11) 22... cxd4 $15 (22... bxa5 $6 23. dxc5 dxc5 24. d6 $11) 23. cxd4 bxa5 24. h4 Ng8 25. Nc4 Rad8 26. Nxa5 Nf6 27. Nc6 $2 (27. Qh3 $11 {and White stays safe.}) 27... Rc8 $2 (27... f4 $1 $19 28. exf4 Nh5) 28. h5 Ne7 29. Nxe7 Qxe7 30. Rxf5 Rc2 31. Qg6+ Kh8 32. Raf1 Rxb2 33. Bb1 $1 Re2 34. Rxf6 gxf6 35. Qxh6+ Kg8 36. Qg6+ Qg7 37. Qxe4 f5 38. Qf3 (38. Rxf5 Rxf5 39. g4 Rf7 (39... Rxh5 40. Qe8+ Qf8 41. Qg6+ Qg7 42. Qe8+ Qf8 43. Qg6+ Qg7 44. Qe8+ $11) 40. Qe8+ Qf8 41. Qxf8+ Kxf8 $19 (41... Rxf8 $2 42. Bd3 $19)) 38... Qg4 39. Bxf5 Qxf3 40. Rxf3 Kg7 41. e4 Kh6 42. Rg3 (42. e5 {is interesting.} Rg8 43. g4 dxe5 44. d6) 42... Kxh5 43. Kh2 Rf2 44. Rg6 R8xf5 45. exf5 Rxf5 46. Rxd6 Rf4 47. Kg3 Rxd4 48. Kf3 Kg5 $2 (48... a5 $11) 49. Ke3 $18 Rg4 {[%emt 0:00:31] [#]} 50. Re6 $1 Rxg2 51. d6 Rg1 52. Kd4 a5 53. Kc5 Kf5 54. d7 (54. Re2 $142 Rd1 55. Kc6 Kf6 56. d7 Rc1+ 57. Kb6 Rd1 58. Kc7 (58. Kxa5 Rxd7 59. Kb4 Rd3 $11) 58... Rc1+ 59. Kd8) 54... Rc1+ {[%emt 0:01:25] [#]} 55. Kd6 $1 Rd1+ 56. Ke7 a4 57. Rd6 ({And not} 57. d8=B Rxd8 58. Rf6+ Ke5 59. Re6+ (59. Ra6 Rd4 $19) 59... Kd5 $11) 1-0

[Event "17th Paracin Open 2024"]
[Site "Paracin"]
[Date "2024.07.08"]
[Round "6.3"]
[White "Radovanovic, Nikola"]
[Black "Antal, Gergely"]
[Result "1/2-1/2"]
[ECO "B12"]
[WhiteElo "2441"]
[BlackElo "2580"]
[Annotator "TA"]
[PlyCount "35"]
[EventDate "2024.07.02"]
[EventType "swiss"]
[EventCountry "SRB"]
[SourceTitle "playchess.com"]
[Source "ChessBase"]
[SourceQuality "1"]
[TimeControl "5400+30"]

1. e4 c6 2. d4 d5 3. e5 Bf5 4. Nf3 e6 5. Be2 a6 6. O-O Bg6 7. a4 c5 8. c3 {[%emt 0:04:59] The position is equal.} Nc6 9. dxc5 Bxc5 10. b4 Bb6 11. b5 axb5 12. Bxb5 Nge7 13. Ba3 O-O 14. Nbd2 Rc8 15. c4 Nd4 16. Rc1 {[%emt 0:06:01] Nxd4 would now be deadly.} Nxf3+ 17. Qxf3 {[%emt 0:02:50] Threatens to win with cxd5.} Bc5 18. Bxc5 {[%emt 0:10:14] Weighted Error Value: White=0.13 (very precise) /Black=0.11 (very precise) .  Inaccurate:     	White=2     	Black=2      OK:         	White=2     	Black=7} 1/2-1/2

[Event "17th Paracin Open 2024"]
[Site "Paracin"]
[Date "2024.07.08"]
[Round "6.4"]
[White "Wang, Yanbin"]
[Black "Fernandez, Daniel Howard"]
[Result "0-1"]
[ECO "D07"]
[WhiteElo "2423"]
[BlackElo "2526"]
[Annotator "TA"]
[PlyCount "134"]
[EventDate "2024.07.02"]
[EventType "swiss"]
[EventCountry "SRB"]
[SourceTitle "playchess.com"]
[Source "ChessBase"]
[SourceQuality "1"]
[TimeControl "5400+30"]

1. d4 d5 2. c4 Nc6 3. Nf3 Bg4 4. cxd5 Bxf3 5. gxf3 Qxd5 6. e3 e5 7. Nc3 Bb4 8. Bd2 Bxc3 9. bxc3 Qd6 10. Rb1 b6 {[%emt 0:02:13] 10...0-0-0 gains popularity.} 11. Bb5 {[%emt 0:05:18] D07: Queen's Gambit: Chigorin Defence.} Nge7 12. O-O O-O $5 $146 {[%emt 0:00:44][%mdl 8] New and interesting.} ({Predecessor:} 12... O-O-O 13. Qa4 h5 14. Rfc1 Rh6 15. Kh1 Qf6 16. Be2 Qh4 17. e4 Rg6 18. Be3 f5 {1-0 Byrn,C (2171)-Sommerhalder,E (1899) Gibraltar Masters 8th 2010 (2)}) 13. Kh1 Ng6 14. Qa4 Na5 15. Be2 Rfe8 16. Bc1 Qf6 17. Bb2 Qh4 18. Qd7 Re6 19. d5 (19. Qxc7 $2 Nf4 $19) 19... Rd6 20. Qg4 Rxd5 21. Qxh4 Nxh4 22. Bc1 Rc5 23. Rb4 Ng6 24. c4 Rd8 25. Rb5 Rc6 (25... Nxc4 $2 26. Rxc5 bxc5 27. Bxc4 $18) 26. c5 a6 27. Rb2 Rxc5 28. Bxa6 Rd6 29. a4 Rf6 (29... Nh4 $19 30. Be2 f6) 30. Rd2 $15 h6 (30... Rxf3 $2 {loses.} 31. Ba3 $18) 31. Be2 Nc4 32. Rc2 Rfc6 33. Rd1 Nd6 (33... Kf8 $142 34. f4 exf4 35. exf4 (35. Rxc4 $2 Rxc4 36. Bxc4 Rxc4 $19) 35... Nh4) 34. Rxc5 $17 Rxc5 35. Ba3 Rc2 36. Bd3 Rxf2 37. Bxg6 fxg6 38. Bxd6 cxd6 39. Rxd6 Rxf3 40. Rxb6 Rxe3 41. Rxg6 Kf7 42. Ra6 $1 Re2 43. Kg1 (43. Ra7+ $11 Kf6 44. Kg1) 43... h5 44. h3 $2 (44. Ra7+ $17 Kf6 45. a5) 44... g6 $19 45. a5 Ra2 46. Ra7+ Kf6 47. a6 Kg5 48. Re7 Kf4 ({Inferior is} 48... Rxa6 49. Rxe5+ Kf4 50. Re2 $11) 49. a7 Kg3 50. Kf1 Kxh3 51. Rg7 Kh4 52. Rxg6 Rxa7 53. Kf2 Rf7+ 54. Ke3 Rf5 55. Rg1 Rg5 56. Rh1+ Kg4 57. Rg1+ Kf5 58. Rf1+ Kg6 59. Ke4 h4 60. Rh1 Rh5 61. Rg1+ Kf6 62. Rf1+ Ke6 (62... Ke7 $142 63. Rf2 h3) 63. Rh1 $19 Rh8 64. Kf3 Rf8+ 65. Kg4 Rg8+ 66. Kh3 e4 67. Re1 Ke5 0-1

[Event "17th Paracin Open 2024"]
[Site "Paracin"]
[Date "2024.07.08"]
[Round "6.5"]
[White "Agibileg, Uurtsaikh"]
[Black "Akbas, Umut Ata"]
[Result "0-1"]
[ECO "E59"]
[WhiteElo "2441"]
[BlackElo "2437"]
[Annotator "TA"]
[PlyCount "76"]
[EventDate "2024.07.02"]
[EventType "swiss"]
[EventCountry "SRB"]
[SourceTitle "playchess.com"]
[Source "ChessBase"]
[SourceQuality "1"]
[TimeControl "5400+30"]

1. d4 Nf6 2. c4 e6 3. Nc3 Bb4 4. e3 O-O 5. Bd3 d5 6. a3 Bxc3+ 7. bxc3 dxc4 8. Bxc4 c5 9. Nf3 Qc7 10. Be2 Nc6 11. O-O e5 12. Bb2 Rd8 13. Qc2 Bg4 14. Nxe5 Bxe2 15. Qxe2 {[%emt 0:00:21] The position is equal.} Nxe5 16. dxe5 Qxe5 17. c4 Qe6 18. Rfd1 Ne4 19. h3 h6 20. Rac1 b6 21. Qf3 f6 22. Qf4 Rd2 23. Rxd2 Nxd2 24. Qg4 {[%emt 0:00:15] This move loses the game for White.} (24. Bc3 $15 Ne4 (24... Nxc4 25. Bxf6 Nxe3 26. Bxg7 $11) 25. a4) 24... Qxg4 $19 25. hxg4 {[%emt 0:00:07][%mdl 4096] Endgame. KRB-KRN} Rd8 {[%emt 0:00:10] Black is more active.} 26. f3 (26. Bc3 $17) 26... Rd3 27. Rc2 Nb1 28. a4 (28. Rc1 $142 Nxa3 29. e4) 28... Rd2 ({Don't do} 28... Rxe3 29. a5) 29. Rxd2 Nxd2 {[%emt 0:00:10] KB-KN} 30. Kf2 Nxc4 31. Bc3 Ne5 32. Kg3 Kf7 33. f4 Nc4 34. Kf3 Ke6 {[%emt 0:02:11] ...a6 is the strong threat.} 35. Ke4 $2 {[%emt 0:00:36] [#]} (35. e4 {nothing else works.}) 35... Nd6+ {[%emt 0:00:22] Black is clearly winning.} 36. Kd3 Kd5 37. g5 hxg5 38. fxg5 fxg5 {[%emt 0:00:24] Weighted Error Value: White=0.39/Black=0.06 (flawless) .  Mistake:       	White=4     	---        Inaccurate:     	White=2     	Black=1      OK:         	White=10    	Black=11     Best:        	White=1     	Black=2} 0-1

[Event "17th Paracin Open 2024"]
[Site "Paracin"]
[Date "2024.07.08"]
[Round "6.6"]
[White "Pasti, Aron"]
[Black "Safarli, Eltaj"]
[Result "0-1"]
[ECO "B33"]
[WhiteElo "2402"]
[BlackElo "2595"]
[Annotator "TA"]
[PlyCount "114"]
[EventDate "2024.07.02"]
[EventType "swiss"]
[EventCountry "SRB"]
[SourceTitle "playchess.com"]
[Source "ChessBase"]
[SourceQuality "1"]
[TimeControl "5400+30"]

1. e4 c5 2. Nf3 Nc6 3. d4 cxd4 4. Nxd4 Nf6 5. Nc3 e5 6. Ndb5 d6 7. Nd5 Nxd5 8. exd5 Nb8 9. a4 Be7 10. Be2 O-O 11. Bd2 {[%emt 0:00:00][%cal Bc1d2,Bd2b4,Bb4c3][%mdl 32] B33: Sicilian: Pelikan and Sveshnikov Variations.} Nd7 12. a5 a6 13. Na3 Nf6 14. Bb4 Bf5 15. Nc4 Be4 16. Ne3 $146 ({Predecessor:} 16. f3 Bg6 17. Nb6 Rb8 18. O-O Nd7 19. Nxd7 Qxd7 20. c4 Rfe8 21. Kh1 Bg5 22. Bd2 {1-0 Boehme,S-Moser,R Team-ch L18K1-R(6-7) 2020}) 16... b5 17. c4 bxc4 18. Bxc4 Qb8 19. Bc3 Bg6 20. Qe2 (20. Be2 $11) 20... Ne4 $17 21. O-O Qa7 (21... Nxc3 $17 22. bxc3 Qc8) 22. Nc2 Nxc3 23. bxc3 Bxc2 24. Qxc2 Rfc8 25. Qe2 Rc5 26. Kh1 Qc7 27. Bd3 Rxa5 (27... Rxd5 $2 {too greedy.} 28. Be4 $18 (28. Bxa6 Qc6 $17)) 28. Rxa5 Qxa5 29. f4 Qxc3 30. Qf3 {[%emt 0:00:00][%cal Od3h7] [#] Bxh7+! would now be deadly.} e4 $1 31. Qxe4 g6 $1 32. Bxa6 ({White should play} 32. Qe2 $1 $15) 32... Rxa6 $19 33. Qxe7 $15 {[%emt 0:00:00][%mdl 4096] Endgame. KQR-KQR} Ra1 34. Qe8+ Kg7 35. Qe2 Qc1 {[%emt 0:07:33] Prevents g3.} 36. Kg1 Qc5+ 37. Kh1 {[%emt 0:00:00] [#]} (37. Qf2 $17 Rxf1+ 38. Kxf1 Qxd5 39. Qb2+ f6 40. Qe2) 37... Rxf1+ $1 $19 38. Qxf1 Qxd5 {[%emt 0:00:03] KQ-KQ} 39. Qa1+ Kg8 40. h3 (40. Qa4 $142) 40... Qe4 41. Qf6 (41. Qc1 $142) 41... d5 42. Qd6 h5 43. Qf6 Qe6 44. Qd4 Qe1+ 45. Kh2 Qe4 46. Qf6 d4 {[%emt 0:00:20] And now ...d3 would win.} 47. g4 (47. f5 $19 Qf4+ (47... gxf5 48. Qg5+ Kf8 49. Qd8+ Qe8 50. Qxd4 $11) (47... Qxf5 48. Qxd4 Qf1 49. Qc3 $15) 48. Kg1) 47... hxg4 48. hxg4 d3 49. f5 Qf4+ (49... Qxg4 50. Qd8+ Kh7 51. Qxd3 Qxf5 (51... gxf5 $2 52. Qb3 $19) 52. Qc4 $19) 50. Kh3 d2 51. Qd8+ Kg7 52. Qd3 gxf5 53. gxf5 Kh6 54. f6 Qg5 ({Worse is} 54... Qxf6 55. Qxd2+ Kg6 56. Qg2+ Kh5 57. Qd5+ Kh6 58. Kg4 $11) 55. Qd8 Qh5+ 56. Kg3 d1=Q 57. Qd2+ Qg5+ 0-1

[Event "17th Paracin Open 2024"]
[Site "Paracin"]
[Date "2024.07.08"]
[Round "6.7"]
[White "Khripachenko, Alexander"]
[Black "Sasikiran, Krishnan"]
[Result "1/2-1/2"]
[ECO "C95"]
[WhiteElo "2346"]
[BlackElo "2581"]
[Annotator "TA"]
[PlyCount "110"]
[EventDate "2024.07.02"]
[EventType "swiss"]
[EventCountry "SRB"]
[SourceTitle "playchess.com"]
[Source "ChessBase"]
[SourceQuality "1"]
[TimeControl "5400+30"]

1. e4 e5 2. Nf3 Nc6 3. Bb5 a6 4. Ba4 Nf6 5. O-O Be7 6. Re1 b5 7. Bb3 d6 8. c3 O-O 9. h3 Nb8 10. d4 Nbd7 11. Nbd2 Bb7 12. Bc2 Re8 13. Nf1 Bf8 14. Ng3 a5 15. b3 b4 16. Bb2 g6 {[%emt 0:09:34] The position is equal.} 17. Qd2 c5 {[%emt 0:23:32] ...bxc3 is the strong threat.} 18. d5 Qc7 19. c4 a4 20. Rad1 Bc8 21. Rf1 (21. bxa4 Nb6 22. Qd3 Bd7 $15 (22... Nxa4 23. Bxa4 Rxa4 24. a3 $15)) 21... Qd8 22. Bb1 Ra7 23. Rde1 Bg7 24. Bc1 Nf8 25. Nh2 h5 26. Ne2 N8h7 27. Nf3 Nd7 28. Qd1 Bf6 29. Be3 Ng5 30. Nh2 Nh7 31. Nf3 axb3 32. axb3 Ng5 33. Nh2 Nf8 34. Kh1 Ra1 {[%emt 0:02:13] Strongly threatening ...Nxe4.} 35. Qd2 Bd7 36. Bd3 Ra3 37. Nc1 (37. Ra1 $14) 37... Ngh7 38. Nf3 Qe7 39. Qc2 Rea8 40. Qe2 Ra1 41. Rd1 R1a3 42. Qc2 Qd8 43. Rg1 Ng5 (43... g5 $15 44. Nh2 g4) 44. Nh2 Ra1 45. Qd2 Ngh7 46. Nf3 g5 $1 47. Be2 Ng6 48. Nh2 {[%emt 0:02:40] [#]} g4 $1 49. hxg4 $11 h4 ({But not} 49... Ng5 $6 50. gxh5 Nf8 (50... Nxe4 $2 {perishes.} 51. Qc2 $18) 51. Qd3 $18) 50. g3 (50. Nd3 R1a2 51. Qe1 Bg5 $14) (50. Nf3 $11) 50... hxg3 $15 51. fxg3 Bg5 $1 52. Rdf1 {[%emt 0:00:17] [#]} (52. Nf3 $15 Bxe3 53. Qxe3) 52... Bxe3 $1 $17 53. Qxe3 Qg5 54. Qf2 f6 {[%emt 0:00:46][%mdl 1024] ...Qh6 would now be deadly. Black has strong compensation.} 55. Kg2 $1 Qh6 {[%emt 0:02:59] Weighted Error Value: White=0.13 (very precise) /Black=0.10 (very precise) .  Mistake:       	White=3     	Black=2      Inaccurate:     	White=4     	Black=4      OK:         	White=11    	Black=11     Best:        	White=1     	---        Strong:       	White=1     	Black=3} 1/2-1/2

[Event "17th Paracin Open 2024"]
[Site "Paracin"]
[Date "2024.07.08"]
[Round "6.8"]
[White "Narayanan, Srinath"]
[Black "Itgelt, Khuyagtsogt"]
[Result "1/2-1/2"]
[ECO "C54"]
[WhiteElo "2533"]
[BlackElo "2411"]
[Annotator "TA"]
[PlyCount "88"]
[EventDate "2024.07.02"]
[EventType "swiss"]
[EventCountry "SRB"]
[SourceTitle "playchess.com"]
[Source "ChessBase"]
[SourceQuality "1"]
[TimeControl "5400+30"]

1. e4 e5 2. Nf3 Nc6 3. Bc4 Nf6 4. d3 Bc5 5. O-O O-O 6. Nbd2 d6 7. c3 a6 8. a4 h6 9. h3 Re8 10. b4 Ba7 11. Re1 Be6 (11... Nh5 {feels hotter.} 12. Nb3 Nf6 13. b5 Nb8) 12. Bxe6 Rxe6 13. Qc2 Re8 14. Rb1 Qd7 15. b5 axb5 16. axb5 Ne7 17. Nc4 Ng6 18. b6 cxb6 19. Nxb6 Bxb6 20. Rxb6 Ra6 21. Rb4 d5 22. Qb3 Rc6 {[%emt 0:00:26] [#]} (22... Re7 $11) 23. exd5 $1 $16 ({Much weaker is} 23. Rxb7 $6 Rxc3 24. Qb1 Qc8 $11) 23... Qxd5 24. c4 ({Don't play} 24. Rxb7 Rxc3 25. Qxd5 Nxd5 $11) 24... Qd6 25. Rxb7 Rd8 26. c5 Qd5 27. Ba3 {[%emt 0:03:56][%cal Of3e5] Hoping for Nxe5!} Qxb3 28. Rxb3 Nd7 (28... Rd5 $14) 29. d4 Rcc8 30. Rc3 {[%emt 0:01:22] Threatens to win with c6. White is more active.} exd4 31. Nxd4 Nde5 32. Re4 Nc6 33. Nf5 Rd1+ 34. Kh2 Rd2 35. Kg3 Rcd8 (35... Rc7 $14) 36. Nd6 (36. Bc1 $16 R2d5 37. Ne3) 36... h5 37. f4 Nge7 38. Kh2 Nd5 39. Rf3 Nd4 {[%emt 0:07:29] The position is equal.} 40. Rf1 Nf6 {[%emt 0:00:29] [#] ...Rxd6 would now be deadly. Excellent horsemanship.} 41. Ree1 Nc2 $1 42. Bc1 R2xd6 43. cxd6 Nxe1 44. Rxe1 Rxd6 {[%emt 0:00:04] Weighted Error Value: White=0.11 (very precise) /Black=0.11 (very precise) .  Mistake:       	White=1     	Black=3      Inaccurate:     	White=5     	Black=2      OK:         	White=7     	Black=16     Best:        	White=3     	---        Strong:       	White=1     	Black=1} 1/2-1/2

[Event "17th Paracin Open 2024"]
[Site "Paracin"]
[Date "2024.07.08"]
[Round "6.9"]
[White "Bryakin, Mikhail"]
[Black "Tanriverdi, Enes"]
[Result "1/2-1/2"]
[ECO "D13"]
[WhiteElo "2469"]
[BlackElo "2371"]
[Annotator "TA"]
[PlyCount "99"]
[EventDate "2024.07.02"]
[EventType "swiss"]
[EventCountry "SRB"]
[SourceTitle "playchess.com"]
[Source "ChessBase"]
[SourceQuality "1"]
[TimeControl "5400+30"]

1. d4 d5 2. c4 c6 3. cxd5 cxd5 4. Bf4 Nf6 5. Nc3 Nc6 6. Nf3 a6 7. Ne5 Bd7 8. e3 e6 9. Bd3 Be7 10. Rc1 Rc8 11. g4 h6 (11... Nxe5 $5 12. dxe5 Ne4 $11) 12. h4 Nxe5 13. Bxe5 Bc6 14. Qf3 Bd6 15. Bxd6 Qxd6 16. g5 Ne4 {[%emt 0:02:43] The position is equal.} 17. Nxe4 dxe4 18. Bxe4 hxg5 19. hxg5 Rxh1+ 20. Qxh1 {[%emt 0:00:16] Strongly threatening Qh8+.} Qb4+ 21. Kd1 Qa4+ 22. b3 Qxa2 23. Bxc6+ bxc6 $11 {[%emt 0:00:19][%mdl 4096] Endgame. KQR-KQR} 24. Qh8+ Kd7 25. Qxg7 Qxf2 26. Qe5 Rc7 27. Rc3 Qf3+ 28. Kc2 Rb7 29. Qc5 Qe2+ 30. Kc1 {[%emt 0:00:33] Dancing on a razor blade.} Qb5 31. Qf8 Qf1+ 32. Kb2 Rb5 33. Rc5 a5 34. Rxb5 cxb5 {[%emt 0:00:06] KQ-KQ} 35. Qc5 b4 36. Qa7+ Ke8 37. Qxa5 {[%emt 0:00:46] [#] And now Qa4+ would win.} Qe2+ 38. Kb1 Qd3+ 39. Kb2 Qc3+ (39... Qxe3 40. Qb5+ Kd8 41. Qb8+ (41. Qxb4 Qe2+ 42. Kb1 Qd3+ 43. Kc1 Qe3+ 44. Kc2 Qe4+ 45. Kb2 Qe2+ 46. Kc1 Qe3+ 47. Kb2 Qe2+ $11) 41... Kd7 42. Qb5+ (42. Qxb4 Qxg5 43. Qb7+ Kd6 $11) 42... Kc7 43. Qc5+ Kd7 44. Qb5+ Kc7 45. Qa5+ Kc6 46. Qc5+ Kd7 47. Qa7+ Kc8 48. Qc5+ Kd7) 40. Ka2 Qc2+ (40... Qxe3 41. Qb5+ Kd8 42. Qxb4 $14) 41. Ka1 Qxb3 42. Qb5+ Kf8 43. Qb8+ Kg7 44. Qe5+ Kh7 45. Qf6 Qa3+ 46. Kb1 Qb3+ 47. Ka1 Qa3+ 48. Kb1 Qb3+ 49. Ka1 Qa3+ 50. Kb1 {[%emt 0:00:03] Weighted Error Value: White=0.04 (flawless) /Black=0.03 (flawless) .  Inaccurate:     	White=3     	Black=3      OK:         	White=17    	Black=14     Best:        	White=3     	---} 1/2-1/2